Frizzbo, neutral female gnomish Wizard --- --.---- |.....| |....----- ---........- |.-------- |..-------- |......^..| --........- --...-- ...| |--.| -- .. |...| -------.--- -..qG...| |.... ------ --- Frizzbo the Conjurer Experience level: 4 Strength: 13 Dexterity: 11 Constitution: 10 Intelligence: 20 Wisdom: 19 Charisma: 8 Health: 0(28) Energy: 30(45) Def: 6 Gold: 587 Moves: 2181 Dungeon seed: HOt0IFIgXBVv1xKV Game ID: Frizzbo_1467122679 Your Inventory: Coins $ - 587 gold pieces Weapons f - an uncursed +2 aklys (alternate weapon; not wielded) w - an uncursed +1 dagger (weapon in hand) Armor e - an uncursed +0 cloak of magic resistance (being worn) v - an uncursed +1 studded leather armor (being worn) Y - an uncursed +0 pair of low boots (being worn) Comestibles p - an uncursed food ration Scrolls j - a cursed scroll of light o - an uncursed scroll of scare monster Spellbooks b - a blessed spellbook of force bolt c - an uncursed spellbook of create monster i - an uncursed spellbook of knock t - an uncursed spellbook of restore ability Potions k - 3 uncursed potions of extra healing l - an uncursed potion of blindness Wands h - an uncursed wand of polymorph (0:1) s - an uncursed wand of enlightenment (0:12) Tools x - an uncursed leash Gems n - an uncursed worthless piece of green glass q - an uncursed worthless piece of yellow glass r - an uncursed worthless piece of red glass u - an uncursed worthless piece of violet glass y - an uncursed jet stone z - an uncursed worthless piece of white glass A - an uncursed worthless piece of blue glass B - an uncursed worthless piece of orange glass N - an uncursed amber stone Spells and supernatural/magical abilities: Name Level Category Fail Memory a - force bolt 1 attack 0% 90% k - knock 1 matter 0% 91% O - create monster 2 clerical 39% 90% R - restore ability 4 healing 94% 99% W - pray for help -- divine ? -- Your skills at the end: Miscellaneous Skills wands [Basic] Weapon Skills club [Basic] quarterstaff [Basic] crossbow [Basic] Spellcasting Skills attack spells [Basic] enchantment spells [Basic] Final Attributes: You were devoutly aligned. You were magic-protected. You had infravision. You are dead. Vanquished creatures: a large mimic a gnome mummy a little dog an iguana a giant bat 2 coyotes a hobbit a large kobold 2 geckos 2 giant rats a yellow mold 2 red molds a gnome 4 jackals 2 foxes 6 newts 3 goblins 6 sewer rats 4 grid bugs 2 lichens 2 kobold zombies 46 creatures vanquished. Voluntary challenges: You did not adorn yourself with jewelry or accessories. You were an atheist. You used a wielded weapon 31 times, starting on turn 2. You did not use tools. You read items or engraved 19 times, starting on turn 196. You never genocided any monsters. You polymorphed 8 items, starting on turn 313. You never changed form. You used no wishes. You never split a pudding. You never wrote Elbereth's name. You never violated your personal moral code. Dungeon overview: The Dungeons of Doom: levels 1 to 3 Level 1 some fountains a long staircase Level 2 a delicatessen Level 3 a general store stairs to The Gnomish Mines The Gnomish Mines: levels 4 to 7 Level 4 stairs to The Dungeons of Doom Level 5 Level 7 <- You were here History has recorded: On T:1 you entered the Dungeons of Doom to retrieve the Amulet of Yendor! On T:471 you reached level 2 of The Dungeons of Doom. On T:841 you advanced to experience level 2. On T:1039 you reached level 3 of The Dungeons of Doom. On T:1824 you advanced to experience level 3. On T:1888 you reached level 1 of The Gnomish Mines. On T:1983 you reached level 2 of The Gnomish Mines. On T:2157 you advanced to experience level 4. On T:2159 you reached level 4 of The Gnomish Mines. Score breakdown: Gold: 587 ( 58 points) Experience: 4 levels ( 300 points) Exploration: 7 levels ( 180 points) Discoveries: 5 items ( 250 points) Variety of kills: 21 monsters ( 1050 points) Major goal: (nothing yet) ( 0 points) Survival: died (score multiplied by 3) Total score: 5514 Latest messages: A trap door opens up under you! The gnome falls into a pit! The gnome is killed! You stop exploring. The gnome mummy misses. The spell hits the gnome mummy! The gnome mummy scratches you! The spell misses the gnome mummy. The gnome mummy scratches you! The spell hits the gnome mummy! You destroy the gnome mummy! The rothe claws you! The rothe misses. The rothe bites! You miss the rothe. The spell hits the rothe! The rothe claws you! You die... Final status: Goodbye Frizzbo the Wizard, killed by a rothe... You died in The Gnomish Mines on dungeon level 7 with 5514 points, and 587 pieces of gold, after 2181 moves. You were level 4 with a maximum of 28 hit points when you died.